 Dungeon Crawl Stone Soup version 0.21.1-1-g345015fe64 (webtiles) character file.

67 Jannitor the Skirmisher (level 4, 0/37 HPs)
             Began as a Demonspawn Abyssal Knight on May 15, 2018.
             Was a Follower of Lugonu.
             Succumbed to an adder's poison
             ... on level 2 of the Dungeon.
             The game lasted 00:02:02 (1816 turns).

Jannitor the Skirmisher (Demonspawn Abyssal Knight) Turns: 1816, Time: 00:02:03

Health: 0/37       AC:  3    Str: 14    XL:     4   Next: 0%
Magic:  5/5        EV: 12    Int: 13    God:    Lugonu [*.....]
Gold:   70         SH:  0    Dex: 12    Spells: 3/3 levels left

rFire    . . .     SeeInvis .   a - +1 falchion
rCold    . . .     Gourm    .   (no shield)
rNeg     . . .     Faith    .   b - +0 leather armour
rPois    .         Spirit   .   (no helmet)
rElec    .         Reflect  .   (no cloak)
rCorr    .         Harm     .   (no gloves)
MR       .....                  (no boots)
Stlth    +.........             (no amulet)
HPRegen  0.12/turn              (no ring)
MPRegen  0.09/turn              (no ring)

@: lethally poisoned (0 -> -3), hasted, very quick
A: talons 1, sturdy frame 1
a: Depart the Abyss, Renounce Religion


You were on level 2 of the Dungeon.
You worshipped Lugonu.
Lugonu was aware of your devotion.
You were not hungry.

You visited 1 branch of the dungeon, and saw 2 of its levels.
You visited the Abyss 1 time.

You collected 70 gold pieces.

Inventory:

Hand Weapons
 a - a +1 falchion (weapon)
Armour
 b - a +0 leather armour (worn)
Jewellery
 f - an uncursed ring of see invisible {unknown}
Scrolls
 d - a scroll of teleportation {unknown}
 e - 2 scrolls of identify {unknown}
 g - a scroll of remove curse {unknown}
 i - a scroll of fear {unknown}
Comestibles
 c - 2 rations
 j - a chunk of flesh


   Skills:
 + Level 3.7 Fighting
 + Level 2.6 Long Blades
 - Level 1.7 Armour
 + Level 2.0 Dodging
 - Level 2.4 Invocations


You had 3 spell levels left.
You didn't know any spells.

Dungeon Overview and Level Annotations

Branches:
Dungeon (2/15)

Altars:


Innate Abilities, Weirdness & Mutations

You have sharp toenails.
Your movements are slightly less encumbered by armour. (ER -2)


Message History

You barely miss the adder.
The adder is almost dead.
* * * LOW HITPOINT WARNING * * *
You feel sick. The adder barely misses you.
You hit the adder. Your kick misses the adder.
The adder is almost dead.
The adder misses you.
You miss the adder.
You kill the adder!
Lugonu accepts your kill.
You hit the goblin.
The goblin is moderately wounded.
* * * LOW HITPOINT WARNING * * *
You feel sick.
You closely miss the goblin.
You kill the goblin!
Lugonu accepts your kill.
You have reached level 4!
You feel stronger.
You die...

#%........
#.........
#†######## #g#
#######.#
.......g####
....(......#
........##.#
........##@#
........##.#
........##.####
##########....#
####.# #.# #.#
### #######.#
#<# #.......#
#.#


There were no monsters in sight!

Vanquished Creatures
  Natasha (D:2)
  2 adders (D:2)
  A dart slug (D:1)
  2 leopard geckos
  4 bats (D:1)
  4 goblins
  2 hobgoblins (D:1)
  2 kobolds (D:1)
  3 frilled lizards (D:1)
  2 rats
23 creatures vanquished.

Notes
Turn   | Place    | Note
-------+----------+-------------------------------------------
     0 | Abyss:1  | Jannitor the Demonspawn Abyssal Knight began the quest for the Orb.
     0 | Abyss:1  | Reached XP level 1. HP: 18/18 MP: 2/2
    32 | Abyss:1  | Noticed a large abomination
    33 | Abyss:1  | Noticed a starcursed mass
    61 | D:1      | Escaped the Abyss
   323 | D:1      | Reached skill level 1 in Dodging
   529 | D:1      | Gained mutation: You have sharp toenails. [demonic ancestry]
   529 | D:1      | Reached XP level 2. HP: 24/24 MP: 3/3
   578 | D:1      | Reached * piety under Lugonu
  1599 | D:2      | Noticed Natasha
  1747 | D:2      | Killed Natasha
  1747 | D:2      | Gained mutation: Your movements are slightly less encumbered by armour. (ER -2) [demonic ancestry]
  1747 | D:2      | Reached XP level 3. HP: 29/29 MP: 4/4
  1810 | D:2      | HP: 1/29 [poisoned by an adder]
  1814 | D:2      | Reached XP level 4. HP: 1/37 MP: 5/5
  1816 | D:2      | Succumbed to an adder's poison

Skill      XL: |  1  2  3 |
---------------+----------+-----
Dodging        | 1 2 |  2.0
Long Blades    | 2 |  2.6
Fighting       | |  3.7
Armour         | |  1.7
Invocations    | |  2.4

Action                   |  1- 3 |  4- 6 || total
-------------------------+-------+-------++-------
Melee: Falchion          |    62 |       ||    62
       Kick              |     9 |       ||     9
Invok: Depart the Abyss  |     1 |       ||     1
  Use: Potion            |     1 |       ||     1
 Stab: Sleeping          |     1 |       ||     1
  Eat: Chunk             |     3 |       ||     3
Armor: Leather armour    |    13 |       ||    13
Dodge: Dodged            |    41 |       ||    41
       Rpst.: Falchion   |    15 |       ||    15
